 Dungeon Crawl Stone Soup version 0.20.0-15-g7f486f2 (webtiles) character file.

195146 sankara the Warrior (level 18, -6/177 HPs)
             Began as a Minotaur Fighter on June 11, 2017.
             Was the Champion of Okawaru.
             Hit by a silver javelin thrown by a merfolk javelineer (11 damage)
             ... on level 4 of the Shoals on June 17, 2017.
             The game lasted 03:40:07 (29472 turns).

sankara the Warrior (Minotaur Fighter)             Turns: 29472, Time: 03:40:07

Health: -6/177     AC: 37    Str: 27    XL:     18   Next: 12%
Magic:  22/25      EV: 21    Int:  5    God:    Okawaru [******]
Gold:   2877       SH:  4    Dex: 17    Spells: 17/17 levels left

rFire    + + .     SeeInvis .   a - +7 great mace of Optimality {elec, +Fly rC+}
rCold    + + .     Gourm    .   (shield currently unavailable)
rNeg     . . .     Faith    .   L - +1 plate armour {rF+}
rPois    +         Spirit   .   s - +2 hat {MR+}
rElec    .         Reflect  .   P - +2 cloak {rC+}
rCorr    .         Harm     .   j - +1 pair of gloves {Str+3}
MR       ++...                  B - +0 pair of boots {Fly}
Stlth    ..........             m - amulet of regeneration
Regen    0.8/turn               X - +5 ring of slaying
MPRegen  0.2/turn               u - +5 ring of protection

@: heroism, finesse, flying, very slightly contaminated
A: retaliatory headbutt, horns 2, talons 1, large bone plates 1, fire resistance
1, poison resistance, screaming 1, strong 1
a: Heroism, Finesse, Renounce Religion, Stop Flying


You were on level 4 of the Shoals.
You worshipped Okawaru.
Okawaru was exalted by your worship.
You were not hungry.

You visited 6 branches of the dungeon, and saw 31 of its levels.
You also visited: Labyrinth and Ice Cave.

You collected 2877 gold pieces.

Inventory:

Hand Weapons
 a - the +7 great mace of Optimality (weapon) {elec, +Fly rC+}
   (Okawaru gifted it to you on level 2 of the Lair of Beasts)

   Occasionally, upon striking a foe, it will discharge some electrical energy
   and cause terrible harm.
   It protects you from cold.
   It lets you fly.
 b - the +8 whip "Snakebite" {curare, rPois}
   (You found it on level 8 of the Dungeon)

   It poisons the flesh of those it strikes.
   It protects you from poison.
Armour
 j - a +1 pair of gloves of strength (worn)
 s - a +2 hat of magic resistance (worn)
 y - the +0 pair of boots of the Devil's Team {rF- rN+++ Regen+ Dex-5}
   (Okawaru gifted it to you on level 10 of the Dungeon)

   It affects your dexterity (-5).
   It makes you vulnerable to fire.
   It renders you almost immune to negative energy.
   It increases your rate of regeneration.
 B - a +0 pair of boots of flying (worn)
 H - the +3 buckler of Shielding {rF+++}
   (You found it on level 10 of the Dungeon)

   It renders you almost immune to fire.
 L - a +1 plate armour of fire resistance (worn)
 P - a +2 cloak of cold resistance (worn)
Jewellery
 k - an uncursed ring of protection from magic
 m - an amulet of regeneration (around neck)
 u - a +5 ring of protection (right hand)
 A - an uncursed ring of protection from cold
 X - a +5 ring of slaying (left hand)
Wands
 e - a wand of acid (11/15)
 F - a wand of lightning (15/15)
 J - a wand of clouds (7/9)
 R - a wand of iceblast (4/15)
 T - a wand of digging (15/24)
Scrolls
 f - 2 scrolls of summoning
 i - 4 scrolls of identify
 t - 16 scrolls of teleportation
 v - 17 scrolls of remove curse
 x - 10 scrolls of recharging
 z - 7 scrolls of magic mapping
 N - 2 scrolls of holy word
 Q - 5 scrolls of enchant armour
 V - 2 scrolls of silence
 W - 2 scrolls of fear
 Y - 2 scrolls of fog
Potions
 c - 2 potions of agility
 d - 4 potions of might
 l - 12 potions of curing
 n - 2 potions of ambrosia
 o - 3 potions of haste
 q - 5 potions of flight
 C - 4 potions of cancellation
 D - a potion of resistance
 I - a potion of berserk rage
Miscellaneous
 G - a fan of gales
 S - a lightning rod (4/4)
Comestibles
 g - 26 royal jellies
 h - 11 meat rations
 p - 9 bread rations
 w - 9 chunks of flesh
 E - 18 fruits


   Skills:
 + Level 19.6(24.6) Fighting
 - Level 18.0(23.0) Maces & Flails
 + Level 18.6(23.6) Armour
 + Level 15.6(20.6) Dodging
 - Level 9.0(14.0) Shields
 - Level 11.2 Invocations


You had 17 spell levels left.
You didn't know any spells.

Dungeon Overview and Level Annotations

Branches:
Dungeon (15/15)            Temple (1/1) D:5            Lair (6/6) D:11
 Shoals (4/4) Lair:2       Spider (3/4) Lair:2        Slime (0/5) Lair:6
    Orc (2/2) D:9             Elf (0/3) Orc:2        Vaults (0/5) D:14
 Depths (0/5) D:15

Altars:
Ashenzari
Cheibriados
Dithmenos
Elyvilon
Fedhas
Gozag
Hepliaklqana
Kikubaaqudgha
Makhleb
Nemelex Xobeh
Okawaru
Qazlal
Ru
Sif Muna
Trog
Uskayaw
Vehumet
Xom
Yredelemnul
Zin
The Shining One
Beogh
Jiyva

Shops:
D:13 (   Orc:2 [}(*   Shoals:3 (:*:

Portals:
Trove: D:15 (give horn of Geryon)


Innate Abilities, Weirdness & Mutations

You reflexively headbutt those who attack you in melee.
You have a pair of horns on your head.
You have sharp toenails.
You are partially covered in large bone plates. (SH +4)
Your flesh is heat resistant. (rF+)
Your system is resistant to poisons. (rPois)
You occasionally shout uncontrollably at your foes.
Your muscles are strong. (Str +2)


Message History

Unknown command.
Unknown command.
Welcome back, sankara the Minotaur Fighter.
Okawaru says: Bring me glory in combat!
Press ? for a list of commands and other information.
As you read the scroll of fear, it crumbles to dust.
You assume a fearsome visage.
The faun looks frightened! x2
The manticore looks frightened!
The merfolk javelineer resists with some effort.
The merfolk looks frightened! x2
The merfolk javelineer throws a silver javelin.
You block the silver javelin.
The merfolk throws a tomahawk.
The tomahawk completely misses you.
Things that are here:
a javelin; a vampiric trident
Items here: ( )) [ †† The merfolk throws a tomahawk.
The tomahawk barely misses you.
The merfolk javelineer throws a silver javelin.
The silver javelin hits you!
You die...

....)...........≈≈≈≈..#≈. #≈≈≈
##.)≈.)#........≈≈≈.≈... ##≈≈.
PP.....###....c≈≈≈≈≈≈.#######≈≈≈.
#PPP....P.......≈≈≈≈≈..(.≈≈≈≈≈≈≈.
#..PP)P.P....(.(.≈≈≈H.≈m.≈≈≈≈≈≈§)
....P........(....≈≈≈≈≈m≈≈≈≈)≈)≈)
.........≈≈((..))).≈≈≈≈≈≈≈≈(.†≈≈≈
.........≈≈≈≈≈(≈[)..(((.(.(c(.≈≈≈
.........≈≈≈≈.≈<@[(..(...$......≈
≈...##...≈≈≈≈...(([....((≈.......
.........≈≈≈≈..([≈≈....(####≈....
.≈..##..≈≈≈≈...[..((.≈#≈≈≈≈##....
≈≈. ###..≈.......≈≈≈#≈#≈≈≈≈##...
##..........≈≈≈#≈≈≈#≈≈##..
#...........≈#≈≈≈≈≈≈#≈≈#..
..............#≈≈≈≈≈#≈≈≈#≈≈
..............#≈≈#≈#≈≈≈≈#


You could see a merfolk javelineer, a merfolk, a faun (fleeing) and a manticore
(fleeing).

Vanquished Creatures
  Mara (Shoals:3)
  Nikola (Shoals:3)
  2 krakens
  Gastronok (Lair:2)
  Polyphemus (Shoals:1)
  Ilsuiw (Shoals:3)
  Donald (Orc:2)
  An orc warlord (Orc:2)
  An emperor scorpion (Spider:3)
  A ghost moth (Spider:3)
  A stone giant (Orc:2)
  4 entropy weavers
  A dire elephant (Lair:6)
  A spark wasp (Spider:2)
  4 merfolk javelineers (Shoals:4)
  An ettin (Orc:1)
  A minotaur (Lab)
  9 merfolk impalers
  2 ice dragons (D:15)
  The ghost of Darkyelf the Cleaver, a journeyman DrAK of Lugonu (IceCv)
  2 hydras
  4 centaur warriors
  A merfolk aquamancer (Shoals:4)
  An alligator snapping turtle (Shoals:3)
  4 catoblepae
  3 two-headed ogres (D:14)
  5 tengu warriors
  6 death yaks
  3 merfolk avatars
  Urug (D:14)
  6 orc high priests
  10 sea snakes
  A deep troll (D:15)
  An unseen horror (D:12)
  2 lindwurms (Lair:6)
  20 harpies
  10 orc knights
  6 orc sorcerers
  8 orb spiders
  26 ugly things
  7 fauns
  9 manticores
  3 oklob plants (Lair:1)
  15 wolf spiders
  12 merfolk sirens
  3 cyclopes
  3 moths of wrath
  5 water nymphs
  2 centaur zombies
  14 elephants
  2 ice statues (IceCv)
  3 black mambas
  3 gargoyles
  Maurice (D:10)
  3 torpor snails
  2 komodo dragons
  5 spiny frogs
  2 rime drakes (Lair:6)
  An efreet (D:14)
  A yaktaur (shapeshifter) (D:11)
  9 demonic crawlers
  A guardian mummy (D:15)
  5 ice devils (IceCv)
  2 queen bees
  6 wind drakes
  11 polar bears
  20 merfolk
  2 tengu conjurers
  3 meliai (Spider:2)
  8 trolls
  26 jumping spiders
  A hornet (shapeshifter) (D:14)
  9 snapping turtles
  6 blink frogs
  16 hippogriffs
  10 slime creatures
  2 raiju (Lair:6)
  14 dream sheep
  A hippogriff (shapeshifter) (D:13)
  A centaur simulacrum (D:14)
  A shadow (D:14)
  58 redbacks
  26 tarantellas
  4 water elementals
  5 wyverns
  A spriggan (Lair:2)
  A wraith (D:13)
  54 yaks
  2 basilisks (Lair:6)
  A vampire (D:13)
  5 hungry ghosts
  A steam dragon (D:13)
  A fire elemental (D:11)
  16 humans (D:14)
  Edmund (D:4)
  13 vampire mosquitoes
  11 wargs
  12 water moccasins
  13 black bears
  13 hell hounds (Lair:6)
  5 porcupines
  2 ice beasts
  31 orc warriors
  An eye of draining (D:12)
  3 boggarts (D:15)
  A necrophage (D:8)
  4 sky beasts
  A phantom (D:7)
  17 wolves
  8 centaurs
  6 crocodiles
  13 ogres
  Blork the orc (D:6)
  13 bullfrogs
  A wyvern zombie (D:12)
  2 scorpions
  43 killer bees
  7 electric eels (D:14)
  23 wights
  A howler monkey (D:6)
  6 crimson imps
  A quasit (D:9)
  8 hounds
  21 orc priests
  2 bullfrog zombies
  2 jellies
  2 bullfrog skeletons
  3 centaur skeletons
  Jessica (D:3)
  5 iguanas
  19 orc wizards
  7 worker ants
  3 hound zombies
  A hound skeleton (D:4)
  2 worker ant zombies
  A howler monkey zombie (D:9)
  4 gnolls (D:10)
  8 adders
  5 shadow imps
  20 white imps
  10 ufetubi (IceCv)
  An adder zombie (D:9)
  2 worms
  5 dart slugs
  5 leopard geckos
  87 orcs
  4 giant cockroaches
  9 goblins
  5 hobgoblins
  18 jackals
  8 kobolds
  5 quokkas
  7 bats
  5 frilled lizards
  A jackal skeleton (D:7)
  A quokka zombie (D:6)
  13 rats
  4 plants
  A tentacle (Shoals:3)
1139 creatures vanquished.

Vanquished Creatures (others)
  A reaper (IceCv)
  A death yak (Lair:6)
  A merfolk siren (Shoals:3)
  2 redbacks (Spider:3)
  2 white imps (IceCv)
  3 ufetubi (IceCv)
  A fungus (D:6)
  30 plants
  12 tentacles
53 creatures vanquished.

Grand Total: 1192 creatures vanquished

Notes
Turn   | Place    | Note
-------+----------+-------------------------------------------
     0 | D:1      | sankara the Minotaur Fighter began the quest for the Orb.
     0 | D:1      | Reached XP level 1. HP: 19/19 MP: 0/0
   248 | D:1      | Reached XP level 2. HP: 26/27 MP: 1/1
   366 | D:1      | Reached skill level 4 in Fighting
   918 | D:2      | Reached XP level 3. HP: 33/33 MP: 2/2
  1439 | D:3      | Reached XP level 4. HP: 35/40 MP: 3/3
  1496 | D:3      | Noticed Jessica
  1508 | D:3      | Killed Jessica
  1752 | D:3      | Found a shimmering altar of Xom.
  2047 | D:3      | Reached XP level 5. HP: 47/47 MP: 4/4
  2093 | D:3      | Reached skill level 5 in Maces & Flails
  2220 | D:4      | Noticed Edmund
  2227 | D:4      | Gained mutation: You occasionally shout uncontrollably at your foes. [potion of mutation]
  2227 | D:4      | Gained mutation: Your muscles are strong. (Str +2) [potion of mutation]
  2227 | D:4      | Gained mutation: You evolve. [potion of mutation]
  2227 | D:4      | Gained mutation: Your system is resistant to poisons. (rPois) [potion of mutation]
  2231 | D:4      | Killed Edmund
  2231 | D:4      | Reached skill level 5 in Fighting
  2231 | D:4      | Reached skill level 5 in Shields
  2231 | D:4      | Reached XP level 6. HP: 56/56 MP: 5/5
  2828 | D:5      | Entered Level 5 of the Dungeon
  2829 | D:5      | Found a staircase to the Ecumenical Temple.
  2835 | Temple   | Entered the Ecumenical Temple
  2854 | Temple   | Became a worshipper of Warmaster Okawaru
  3138 | D:5      | Reached XP level 7. HP: 61/62 MP: 6/6
  3180 | D:5      | Reached skill level 6 in Fighting
  3244 | D:5      | Found a hide-covered altar of Uskayaw.
  3851 | D:6      | Noticed Blork the orc
  3869 | D:6      | Killed Blork the orc
  3869 | D:6      | Reached * piety under Okawaru
  4280 | D:6      | Reached skill level 7 in Fighting
  4280 | D:6      | Reached XP level 8. HP: 71/73 MP: 7/7
  4613 | D:7      | Reached ** piety under Okawaru
  4695 | D:7      | Reached skill level 10 in Maces & Flails
  4878 | D:7      | Reached skill level 8 in Fighting
  5213 | D:7      | Found a stormy altar of Qazlal.
  5219 | D:7      | Found a sparkling altar of Nemelex Xobeh.
  5322 | D:7      | Reached XP level 9. HP: 67/82 MP: 8/8
  5730 | D:8      | Lost intelligence.
  5853 | D:8      | Reached skill level 9 in Fighting
  5995 | D:8      | Found a blossoming altar of Fedhas.
  6394 | D:9      | Reached *** piety under Okawaru
  6451 | D:9      | Found a staircase to the Orcish Mines.
  6488 | D:9      | Reached skill level 1 in Invocations
  6761 | D:9      | Reached skill level 1 in Dodging
  6801 | D:9      | Reached skill level 5 in Armour
  6928 | D:9      | Got a crude flail
  6929 | D:9      | Identified the cursed +2 flail "Egejuiz" {pain, rPois rC- Int+2 Dex+2} (You found it on level 9 of the Dungeon)
  7077 | D:10     | Entered Level 10 of the Dungeon
  7097 | D:10     | Reached **** piety under Okawaru
  7111 | D:10     | Reached XP level 10. HP: 93/93 MP: 10/10
  7162 | D:10     | Noticed a tengu warrior
  7166 | D:10     | Gained mutation: You are partially covered in large bone plates. (SH +4) [evolution]
  7190 | D:10     | Killed a tengu warrior
  7190 | D:10     | Reached skill level 10 in Fighting
  7206 | D:10     | Got a bloodstained buckler
  7208 | D:10     | Identified the +3 buckler of Shielding {rF+++} (You found it on level 10 of the Dungeon)
  7318 | D:10     | Reached ***** piety under Okawaru
  7423 | D:10     | Received a gift from Okawaru
  7426 | D:10     | Got a pair of faintly glowing boots {god gift}
  7427 | D:10     | Identified the +0 pair of boots of the Devil's Team {rF- rN+++ Regen+ Dex-5} (Okawaru gifted it to you on level 10 of the Dungeon)
  7701 | D:10     | Reached skill level 5 in Dodging
  7839 | D:10     | Noticed Maurice
  7851 | D:10     | Killed Maurice
  7851 | D:10     | Reached XP level 11. HP: 101/101 MP: 13/13
  8043 | D:11     | Found a shattered altar of Ashenzari.
  8114 | D:11     | Found a staircase to the Lair.
  8167 | D:11     | Reached skill level 11 in Fighting
  8185 | D:11     | Reached skill level 5 in Invocations
  8695 | D:11     | Gained mutation: You have sharp toenails. [evolution]
  8834 | Lair:1   | Entered Level 1 of the Lair of Beasts
  8894 | Lair:1   | Found a labyrinth entrance.
  8957 | Lair:1   | Noticed an oklob plant
  8957 | Lair:1   | Noticed an oklob plant
  8981 | Lab      | Entered a labyrinth
  9476 | Lab      | Noticed a minotaur
  9490 | Lab      | Killed a minotaur
  9495 | Lab      | Got a crystal hand crossbow
 10056 | Lair:1   | Noticed an oklob plant
 10089 | Lair:1   | Killed an oklob plant
 10172 | Lair:1   | Killed an oklob plant
 10267 | Lair:1   | Killed an oklob plant
 10347 | Lair:2   | Reached ****** piety under Okawaru
 10347 | Lair:2   | Received a gift from Okawaru
 10355 | Lair:2   | Reached XP level 12. HP: 58/112 MP: 15/15
 10367 | Lair:2   | Reached skill level 12 in Fighting
 10380 | Lair:2   | Got an ichor-stained great mace {god gift}
 10394 | Lair:2   | Identified the +7 great mace of Optimality {elec, +Fly rC+} (Okawaru gifted it to you on level 2 of the Lair of Beasts)
 10488 | Lair:2   | Noticed Gastronok
 10509 | Lair:2   | Killed Gastronok
 10609 | Lair:2   | Found a staircase to the Shoals.
 10880 | Lair:2   | Found a hole to the Spider Nest.
 11066 | Lair:2   | Received a gift from Okawaru
 11067 | Lair:2   | Got a pair of twisted boots {god gift}
 11068 | Lair:2   | Identified the +0 pair of boots "Ceehal" {rPois} (Okawaru gifted it to you on level 2 of the Lair of Beasts)
 11525 | Lair:3   | Noticed a five-headed hydra
 11537 | Lair:3   | Killed a five-headed hydra
 12313 | Lair:4   | Reached skill level 13 in Fighting
 12895 | Lair:5   | Found a frozen archway.
 13032 | IceCv    | Entered an ice cave
 13063 | IceCv    | Reached XP level 13. HP: 116/122 MP: 18/18
 13079 | IceCv    | Reached skill level 15 in Maces & Flails
 13079 | IceCv    | Reached skill level 10 in Armour
 13108 | IceCv    | Killed a reaper
 13264 | IceCv    | Noticed Darkyelf's ghost (journeyman DrAK)
 13285 | IceCv    | Killed Darkyelf's ghost
 13783 | Lair:5   | Received a gift from Okawaru
 14361 | Lair:6   | Entered Level 6 of the Lair of Beasts
 14587 | Lair:6   | Gained mutation: Your flesh is heat resistant. (rF+) [evolution]
 14587 | Lair:6   | Lost mutation: You evolve. [end of evolution]
 14620 | Lair:6   | Found a viscous altar of Jiyva.
 14620 | Lair:6   | Found a staircase to the Slime Pits.
 14762 | Lair:6   | Got a smoking buckler
 14763 | Lair:6   | Identified the +3 buckler of Trial and Error {rPois} (You found it on level 6 of the Lair of Beasts)
 14986 | Lair:6   | Received a gift from Okawaru
 14986 | Lair:6   | Reached skill level 14 in Fighting
 15217 | Lair:6   | Reached skill level 10 in Invocations
 15543 | Lair:6   | Reached XP level 14. HP: 132/133 MP: 20/20
 16731 | D:12     | Received a gift from Okawaru
 17123 | Orc:1    | Entered Level 1 of the Orcish Mines
 17124 | Orc:1    | Identified a scroll of acquirement
 17125 | Orc:1    | Got a bound silver amulet
 17126 | Orc:1    | Identified the amulet "Fuujuq" {Harm *Drain rF- rC+ SInv} (You acquired it on level 1 of the Orcish Mines)
 17247 | Orc:1    | Reached skill level 15 in Fighting
 17412 | Orc:1    | Found a transporter.
 17417 | Orc:1    | Found a roughly hewn altar of Beogh.
 17596 | Orc:2    | Entered Level 2 of the Orcish Mines
 17775 | Orc:2    | Noticed Donald
 17798 | Orc:2    | Killed Donald
 17856 | Orc:2    | Found a staircase to the Elven Halls.
 17982 | Orc:2    | Noticed an orc warlord
 18022 | Orc:2    | Killed an orc warlord
 18121 | Orc:2    | Found Qeytor's General Store.
 18151 | Orc:2    | Received a gift from Okawaru
 18339 | Orc:2    | Paralysed by an orc sorcerer for 5 turns
 18617 | Orc:2    | Received a gift from Okawaru
 18808 | Orc:2    | Found Cemel's Weapon Shoppe.
 18811 | Orc:2    | Found Ifriyross's Gadget Boutique.
 18818 | Orc:2    | Found Bethao's Armour Boutique.
 18997 | Orc:1    | Noticed a stone giant
 19075 | Orc:2    | Killed a stone giant
 19075 | Orc:2    | Reached XP level 15. HP: 143/143 MP: 22/22
 19324 | Orc:1    | Reached skill level 10 in Dodging
 19366 | Orc:1    | Found a transporter.
 19870 | D:13     | Found Qyrynox's Weapon Boutique.
 19982 | D:13     | Found a sparkling altar of Nemelex Xobeh.
 20253 | D:14     | Reached skill level 16 in Fighting
 20282 | D:14     | Noticed Urug
 20306 | D:14     | Killed Urug
 20515 | D:14     | Found a gate to the Vaults.
 20556 | D:14     | Received a gift from Okawaru
 21070 | D:15     | Entered Level 15 of the Dungeon
 21591 | D:15     | Found a portal to a secret trove of treasure.
 21668 | D:15     | Reached skill level 15 in Armour
 22017 | D:15     | Reached skill level 17 in Fighting
 22041 | D:15     | Received a gift from Okawaru
 22054 | D:15     | Reached XP level 16. HP: 126/155 MP: 23/23
 22091 | D:15     | Found a staircase to the Depths.
 22325 | Shoals:1 | Entered Level 1 of the Shoals
 22909 | Shoals:1 | Noticed a kraken
 22933 | Shoals:1 | Killed a kraken
 23110 | Shoals:2 | Noticed Polyphemus
 23128 | Shoals:1 | Killed Polyphemus
 24169 | Shoals:2 | Received a gift from Okawaru
 24572 | Shoals:2 | Reached skill level 18 in Fighting
 24608 | Shoals:3 | Found Daonlat's General Store.
 24656 | Shoals:3 | Found Sereih's Weapon Shoppe.
 24672 | Shoals:3 | Found Zashouch's Book Shop.
 24681 | Shoals:3 | Noticed Nikola
 24690 | Shoals:3 | HP: 7/157 [Nikola/rapier of electrocution (6)]
 24691 | Shoals:3 | Killed Nikola
 24934 | Shoals:3 | Found Xuptuane's Book Emporium.
 24952 | Shoals:3 | Noticed Mara
 24954 | Shoals:3 | Noticed sankara's illusion
 24977 | Shoals:3 | Killed Mara
 25110 | Shoals:3 | Reached XP level 17. HP: 155/166 MP: 24/24
 25568 | Shoals:3 | Noticed a kraken
 25578 | Shoals:3 | Killed a kraken
 25819 | Shoals:1 | Received a gift from Okawaru
 25820 | Shoals:1 | Got a smoking robe {god gift}
 25982 | Spider:1 | Entered Level 1 of the Spider Nest
 27469 | Spider:2 | Reached skill level 19 in Fighting
 27970 | Spider:2 | Received a gift from Okawaru
 27971 | Spider:2 | Got an ebony quick blade {god gift}
 28169 | Spider:3 | Reached skill level 15 in Dodging
 28909 | Shoals:4 | Entered Level 4 of the Shoals
 28923 | Shoals:4 | Received a gift from Okawaru
 28989 | Shoals:4 | Noticed Ilsuiw
 28995 | Shoals:4 | Got a shimmering great mace {god gift}
 28998 | Shoals:3 | Identified the +7 great mace "Wisijin" {pain, rF+} (Okawaru gifted it to you on level 4 of the Shoals)
 29070 | Shoals:3 | Killed Ilsuiw
 29318 | Shoals:4 | Reached XP level 18. HP: 153/176 MP: 23/25
 29466 | Shoals:4 | HP: 8/177 [merfolk javelineer/silver javelin (16)]
 29467 | Shoals:4 | HP: 1/177 [merfolk javelineer/silver javelin (3)]
 29472 | Shoals:4 | Hit by a silver javelin thrown by a merfolk javelineer

Skill      XL: |  1  2  3  4  5  6  7  8  9 10 11 12 13 14 15 16 17 |
---------------+----------------------------------------------------+-----
Maces & Flails | 3 4 5 7 8 11 12 14 17 18 | 18.0
Fighting       | 4 5 7 8 9 10 11 13 14 15 17 18 19 | 19.6
Shields        | 4 5 6 8 9 |  9.0
Armour         | 5 7 9 11 13 15 16 18 | 18.6
Invocations    | 2 4 6 8 10 11 | 11.2
Dodging        | 2 5 7 9 12 13 15 | 15.6

Action                   |  1- 3 |  4- 6 |  7- 9 | 10-12 | 13-15 | 16-18 || total
-------------------------+-------+-------+-------+-------+-------+-------++-------
Melee: Flail             |   127 |    95 |    66 |       |       |       ||   288
       Headbutt          |    19 |    31 |    53 |   143 |   226 |   211 ||   683
       Dire flail        |       |    41 |   165 |       |       |       ||   206
       Whip              |       |       |   114 |   482 |       |       ||   596
       Great mace        |       |       |       |   166 |  1209 |   807 ||  2182
Invok: Heroism           |       |       |       |     3 |     5 |     9 ||    17
       Finesse           |       |       |       |     2 |     3 |     6 ||    11
 Abil: Evoke Flight      |       |       |       |       |       |     4 ||     4
Evoke: Wand              |       |       |       |       |     1 |       ||     1
  Use: Potion            |       |     1 |     8 |       |     2 |     6 ||    17
       Scroll            |       |       |    12 |    20 |    14 |     8 ||    54
 Stab: Petrified         |       |       |       |       |     4 |       ||     4
  Eat: Chunk             |     2 |     5 |    11 |    19 |    32 |    25 ||    94
       Fruit             |       |       |     2 |     1 |     1 |       ||     4
Armor: Scale mail        |    55 |    32 |       |       |       |       ||    87
       Chain mail        |       |    19 |   107 |       |       |       ||   126
       Plate armour      |       |       |    19 |   221 |   687 |   726 ||  1653
Dodge: Dodged            |    33 |    47 |    70 |   153 |   566 |   860 ||  1729
Block: Shield            |    68 |    45 |    61 |   159 |       |       ||   333
       Buckler           |       |       |       |    44 |       |       ||    44
       Other             |       |       |       |    33 |   161 |   235 ||   429
